 Dungeon Crawl Stone Soup version 0.30-a0-557-ge2afbf3030 (webtiles) character file.

Game seed: 7353407311459922872

138397 billz999 the Skirmisher (level 17, -2/121 HPs)
             Began as a Gnoll Hunter on Dec 27, 2022.
             Was an Elder of Qazlal.
             Killed from afar by a starcursed mass (7 damage)
             ... with an accursed screaming
             ... on level 1 of the Swamp.
             The game lasted 00:58:21 (26197 turns).

billz999 the Skirmisher (Gnoll Hunter)             Turns: 26197, Time: 00:58:21

Health: -2/121     AC: 16    Str: 19      XL:     17   Next: 26%
Magic:  32/32      EV: 21    Int:  7 (9)  God:    Qazlal [****..]
Gold:   582        SH:  0    Dex: 23      Spells: 39/39 levels left

rFire   + . .      SeeInvis +    a - +4 hand crossbow (chaos)
rCold   + + +      Faith    .    r - +2 kite shield of the Forging Gods {-Cast Rampage rElec Dex+2}
rNeg    . . .      Spirit   .    t - +1 robe {rC+ rF+}
rPois   +          Reflect  +    C - +0 helmet
rElec   +          Harm     .    U - +1 cloak of Dufoabut {rC++}
rCorr   +          Rampage  +    W - +2 pair of gloves "Saol" {-Cast rPois rCorr Stlth+}
Will    +....      NoCast   +    X - +3 pair of mountain boots {steadfast, rC+}
Stlth   ++                       M - amulet of reflection
HPRegen 0.40/turn                z - +6 ring of strength
MPRegen 0.23/turn                K - ring of see invisible

@: confused, ambrosia-drunk, invisible, repel missiles
A: fangs 1, strong nose, distributed training, frail 1
a: Renounce Religion, Upheaval, Elemental Force


You were on level 1 of the Swamp.
You worshipped Qazlal.
Qazlal was greatly pleased with you.
You visited 4 branches of the dungeon, and saw 23 of its levels.
You visited the Abyss 1 time.
You also visited: Ice Cave.

You collected 2579 gold pieces.
You spent 1997 gold pieces at shops.

Inventory:

Hand Weapons
 a - a +4 hand crossbow of chaos (weapon)
Missiles
 e - 21 poisoned darts
 p - 3 throwing nets
Armour
 r - the +2 kite shield of the Forging Gods (worn) {-Cast Rampage rElec Dex+2}
   (You acquired it on level 4 of the Dungeon)

   Dex:       It affects your dexterity (+2).
   rElec:     It insulates you from electricity.
   -Cast:     It prevents spellcasting.
   Rampage:   It bestows one free step when moving towards enemies.
 t - a +1 robe of resistance (worn)
 C - a +0 helmet (worn)
 U - the +1 cloak of Dufoabut (worn) {rC++}
   (You bought it in a shop on level 2 of the Orcish Mines)

   rC:        It greatly protects you from cold.
 W - the +2 pair of gloves "Saol" (worn) {-Cast rPois rCorr Stlth+}
   (You bought it in a shop on level 1 of the Orcish Mines)

   rPois:     It protects you from poison.
   -Cast:     It prevents spellcasting.
   rCorr:     It protects you from acid and corrosion.
   Stlth:     It makes you more stealthy.
 X - the +3 pair of mountain boots (worn) {steadfast, rC+}
   (You bought it in a shop on level 15 of the Dungeon)

   It prevents involuntary movement, except for blinking, teleportation, or
   banishment.
   rC:        It protects you from cold.
Magical Staves
 f - a staff of death
 n - a staff of poison
Jewellery
 k - a ring of poison resistance
 v - an amulet of regeneration
 x - a ring of protection from fire
 z - a +6 ring of strength (left hand)
 I - a ring of willpower
 K - a ring of see invisible (right hand)
 M - an amulet of reflection (around neck)
 O - a +6 ring of strength
 Q - an amulet of faith
 V - a ring of ice
 Y - a +4 ring of evasion
Wands
 y - a wand of paralysis (11)
 F - a wand of iceblast (34)
 H - a wand of flame (100)
Scrolls
 b - 4 scrolls of immolation
 c - 2 scrolls of silence
 d - a scroll of magic mapping
 g - 4 scrolls of poison
 o - 3 scrolls of enchant armour
 u - 2 scrolls of noise
 A - 2 scrolls of fog
 Z - 3 scrolls of identify
Potions
 h - 8 potions of flight
 i - 8 potions of lignification
 j - 5 potions of degeneration
 s - a potion of cancellation
 w - 5 potions of brilliance
 B - 3 potions of attraction
 D - 2 potions of invisibility
 E - 2 potions of might
 N - 3 potions of mutation
 R - 4 potions of haste
Miscellaneous
 T - a tin of tremorstones (inert)


   Skills:
 + Level 12.7 Fighting
 + Level 11.9 Short Blades
 + Level 11.9 Long Blades
 + Level 11.9 Axes
 + Level 11.9 Maces & Flails
 + Level 11.9 Polearms
 + Level 11.9 Staves
 + Level 14.4 Ranged Weapons
 + Level 11.9 Throwing
 + Level 11.9 Armour
 + Level 12.7 Dodging
 + Level 12.2 Stealth
 + Level 11.9 Shields
 + Level 11.9 Unarmed Combat
 + Level 11.9 Spellcasting
 + Level 10.1 Conjurations
 + Level 10.1 Hexes
 + Level 10.1 Summonings
 + Level 10.1 Necromancy
 + Level 10.1 Translocations
 + Level 10.1 Transmutations
 + Level 10.1 Fire Magic
 + Level 10.1 Ice Magic
 + Level 10.1 Air Magic
 + Level 10.1 Earth Magic
 + Level 10.1 Poison Magic
 + Level 12.9 Invocations
 + Level 11.9 Evocations


You had 39 spell levels left.
You didn't know any spells.
Your spell library contained the following spells:

 Spells                   Type           Power      Damage    Failure   Level
 Foxfire                  Conj/Fire      72%        2x1d7     1%          1
 Magic Dart               Conj           72%        1d6       1%          1
 Call Imp                 Summ           18%        N/A       1%          2
 Cigotuvi's Dreadful Rot  Necr/Pois/Air  36%        N/A       1%          2
 Ensorcelled Hibernation  Hex/Ice        36%        N/A       1%          2
 Passwall                 Tmut/Erth      15%        N/A       1%          2
 Poisonous Vapours        Pois/Air       36%        N/A       1%          2
 Scorch                   Fire           36%        2d7       1%          2
 Inner Flame              Hex/Fire       18%        N/A       1%          3
 Mephitic Cloud           Conj/Pois/Air  18%        N/A       1%          3
 Swiftness                Air            18%        N/A       1%          3
 Animate Dead             Necr           18%        N/A       4%          4
 Flame Wave               Conj/Fire      18%        2d7       4%          4
 Olgreb's Toxic Radiance  Pois           18%        N/A       4%          4
 Sticky Flame             Conj/Fire      18%        2d4       4%          4
 Fireball                 Conj/Fire      9%         3d6       12%         5
 Starburst                Conj/Fire      9%         6d5       56%         6
 Summon Cactus Giant      Summ           9%         N/A       56%         6
 Haunt                    Necr/Summ      9%         N/A       98%         7
 Ozocubu's Refrigeration  Ice            9%         4d9       98%         7
 Ignition                 Fire           9%         3d5       100%        8
 Infestation              Necr           9%         N/A       100%        8


Dungeon Overview and Level Annotations

Branches:
Dungeon (15/15)            Temple (0/1) D:4            Lair (5/5) D:10
  Swamp (1/4) Lair:2        Snake (0/4) Lair:2        Slime (0/5) Lair:4
    Orc (2/2) D:12            Elf (0/3) Orc:2        Vaults (0/5) D:13
 Depths (0/4) D:15          IceCv (visited)

Altars:
Ashenzari
Dithmenos
Fedhas
Okawaru
Qazlal
Trog
Uskayaw
Zin
The Shining One

Shops:
D:9 =(   D:15 **   Orc:1 *[   Orc:2 [**!

Annotations:
D:8 2 transporters
D:14 2 transporters


Innate Abilities, Weirdness & Mutations

You have very sharp teeth.
Your uncanny sense of smell can sniff out nearby items.
Your experience applies equally to all skills.
You are frail. (-10% HP)


Message History

Your water elemental resists.
Your water elemental hits Louise!
A starcursed mass splits.
Louise is no longer paralysed.
Louise is asphyxiated!
Louise blocks your air elemental's attack.
Louise splashes around in the water.
Louise blocks your water elemental's attack.
Your air elemental fires a burst of electricity at Louise.
The stunning burst hits Louise!
Louise is paralysed.
The stunning burst hits your water elemental.
Your water elemental resists.
Your earth elemental hits Louise but does no damage.
A starcursed mass splits.
Your water elemental hits Louise.
Louise is no longer paralysed.
Louise is asphyxiated!
Your water elemental disappears in a puff of smoke!
Louise blocks your air elemental's attack.
Louise hits your air elemental with a +7 vampiric trident.
Louise blocks your water elemental's attack.
Louise blocks your earth elemental's attack.
Louise blocks your water elemental's attack.
Your air elemental fires a burst of electricity at Louise.
The stunning burst hits Louise!
Louise dies!
Qazlal accepts your kill.
You hear a splash. x5
A chorus of shrieks assaults your mind.
* * * LOW HITPOINT WARNING * * *
You feel your intelligence returning.
Okay, then.
A chorus of shrieks assaults your mind.
* * * LOW HITPOINT WARNING * * *
Okay, then.
You are confused.
You feel invigorated.
Your air elemental disappears in a puff of smoke!
A chorus of shrieks assaults your mind.
* * * LOW HITPOINT WARNING * * *
A chorus of shrieks assaults your mind.
* * * LOW HITPOINT WARNING * * *
A chorus of shrieks assaults your mind.
You die...

.^....~..#.#...♣♣♣
♣♣♣
~.♣♣♣~~.......♣♣
.♣♣ ♣♣.........♣♣♣
♣♣ ♣~..###.....♣♣♣♣
♣
♣♣......##.....♣♣♣♣
♣..#.. #..##....♣
♣♣....##○☼.^#...♣♣
♣♣......○###.§§~♣
.♣♣.....@○..~.~♣♣
....~~..~~.....♣♣
~..~♣.~..X.~.~~~♣
..♣♣~..°XX~X§.~♣♣
.♣......~..EE~.~♣
...~...~.~~E~.~♣♣
...........E...♣
.~..~....~...§.♣♣
.~.~~....~...~..♣


You could see 4 starcursed masses, a friendly earth elemental (summoned) and 3
friendly water elementals.

Vanquished Creatures
  Jorgrun (Orc:2)
  Rupert (D:15)
  A lich (Abyss:4)
  2 tentacled starspawn (Abyss:3)
  A frost giant (IceCv)
  A draconian annihilator (Abyss:4)
  A very ugly thing (Abyss:4)
  2 dire elephants (Lair:5)
  A lorocyproca (Abyss:3)
  A bunyip (shapeshifter) (D:15)
  2 bunyips (Swamp:1)
  A fire dragon (D:15)
  Josephine (D:14)
  A great orb of eyes (Abyss:3)
  Fannar (Orc:1)
  An ice dragon (D:15)
  An ogre mage (D:15)
  A ghost crab (Swamp:1)
  3 vault guards (D:13)
  2 centaur warriors
  9 hydras
  4 boulder beetles
  An alligator (Swamp:1)
  Erica (D:9)
  12 death yaks
  9 two-headed ogres
  4 hell hogs (Abyss:3)
  A tengu warrior (D:15)
  3 orc high priests (Orc:2)
  Nergalle (D:11)
  3 spriggans (Swamp:1)
  A wretched star (Abyss:3)
  3 skeletal warriors (D:14)
  2 sixfirhies (Abyss:3)
  A spectral death yak (Lair:5)
  9 starcursed masses (Abyss:3)
  2 spatial maelstroms (Abyss:3)
  A spectral anaconda (Lair:5)
  A spriggan druid (Swamp:1)
  2 bog bodies
  A goliath frog (Swamp:1)
  A swamp dragon (Swamp:1)
  Pikel (D:7)
  An obsidian statue (Lair:5)
  2 wizards
  7 necromancers
  5 orc knights
  6 deep elf pyromancers
  6 orc sorcerers
  7 cyclopes
  3 manticores
  3 will-o-the-wisps (Swamp:1)
  12 ugly things
  15 elephants
  An apocalypse crab (Abyss:3)
  An ice statue (IceCv)
  2 black mambas (Lair:4)
  11 cane toads
  5 large abominations
  A gargoyle (D:12)
  A dire elephant skeleton (Lair:5)
  A kobold demonologist (D:12)
  An unseen horror (D:11)
  6 rime drakes (IceCv)
  A yaktaur (D:13)
  A freezing wraith (D:14)
  An efreet (D:14)
  7 komodo dragons
  2 tengu conjurers
  An ancient zyme (Abyss:4)
  7 polar bears
  7 trolls
  A merfolk (shapeshifter) (D:14)
  5 hornets
  A tyrant leech (Swamp:1)
  29 blink frogs
  A spectral elephant (Lair:5)
  Prince Ribbit (D:6)
  A raiju (shapeshifter) (D:14)
  7 dream sheep (Lair:5)
  2 vampires
  9 wraiths
  Sigmund (D:4)
  2 shadows
  Eustachio (D:4)
  4 wyverns
  34 yaks
  17 humans (D:13)
  5 basilisks
  7 vampire mosquitoes
  Grum (D:9)
  A chaos spawn (Abyss:4)
  2 steam dragons (D:10)
  A neqoxec (Abyss:3)
  Edmund (D:4)
  4 death yak simulacra
  A spectral cane toad (Lair:5)
  A naga (Lair:2)
  9 swamp worms
  5 spatial vortices (Abyss:3)
  2 acid dragons
  15 water moccasins
  Duvessa (D:5)
  24 orc warriors
  A black bear (D:4)
  4 small abominations
  An ice beast (D:5)
  An elephant zombie (Lair:5)
  5 ogres
  48 wolves
  18 centaurs
  2 lemures (D:7)
  2 kobold brigands
  A necrophage (D:6)
  13 bullfrogs
  3 gnoll sergeants
  3 scorpions
  A cane toad simulacrum (Lair:5)
  A two-headed ogre simulacrum (D:13)
  14 wights
  Dowan (D:5)
  2 elephant simulacra (Lair:5)
  A killer bee (D:10)
  2 howler monkeys
  6 electric eels
  A crimson imp (D:10)
  A quasit (Abyss:3)
  5 hounds
  12 orc priests
  A gnoll bouda (D:6)
  4 jellies
  29 orc wizards
  2 iguanas
  A polar bear simulacrum (D:13)
  2 spriggan simulacra (D:13)
  A wolf simulacrum (D:13)
  20 gnolls
  8 adders
  A naga simulacrum (D:13)
  A shadow imp (D:6)
  A white imp (D:10)
  2 ufetubi
  2 dart slugs
  82 orcs
  6 endoplasms
  2 giant cockroaches
  6 goblins
  6 hobgoblins
  2 jackals (D:1)
  3 quokkas
  8 ball pythons
  13 bats
  A frilled lizard (D:1)
  14 kobolds
  4 rats
  2 butterflies (Lair:5)
  3 starspawn tentacles (Abyss:3)
795 creatures vanquished.

Vanquished Creatures (collateral kills)
  Louise (Swamp:1)
  A dire elephant (Lair:5)
  2 hydras (Lair:5)
  4 yaks (Lair:5)
  A wolf (Lair:5)
9 creatures vanquished.

Vanquished Creatures (others)
  An elephant (Lair:5)
  A bloated husk (Swamp:1)
  8 foxfires (Swamp:1)
  29 fungi
  2 lurking horrors (Abyss:4)
  37 plants
  3 starspawn tentacles (Abyss:3)
  28 withered plants (Lair:5)
109 creatures vanquished.

Grand Total: 913 creatures vanquished

Notes
Turn   | Place    | Note
-------+----------+-------------------------------------------
     0 | D:1      | billz999 the Gnoll Hunter began the quest for the Orb.
     0 | D:1      | Reached XP level 1. HP: 20/20 MP: 1/1
   178 | D:1      | Reached XP level 2. HP: 26/26 MP: 2/2
   528 | D:1      | Reached XP level 3. HP: 31/31 MP: 3/3
  1005 | D:2      | Reached skill level 1 in Invocations
  1168 | D:2      | Reached skill level 1 in Short Blades
  1168 | D:2      | Reached skill level 1 in Long Blades
  1168 | D:2      | Reached skill level 1 in Axes
  1168 | D:2      | Reached skill level 1 in Maces & Flails
  1168 | D:2      | Reached skill level 1 in Polearms
  1168 | D:2      | Reached skill level 1 in Staves
  1168 | D:2      | Reached skill level 1 in Throwing
  1168 | D:2      | Reached skill level 1 in Armour
  1168 | D:2      | Reached skill level 1 in Shields
  1168 | D:2      | Reached skill level 1 in Unarmed Combat
  1168 | D:2      | Reached skill level 1 in Spellcasting
  1168 | D:2      | Reached skill level 1 in Evocations
  1326 | D:2      | Reached XP level 4. HP: 38/38 MP: 5/5
  1925 | D:3      | Reached skill level 1 in Conjurations
  1925 | D:3      | Reached skill level 1 in Hexes
  1925 | D:3      | Reached skill level 1 in Summonings
  1925 | D:3      | Reached skill level 1 in Necromancy
  1925 | D:3      | Reached skill level 1 in Translocations
  1925 | D:3      | Reached skill level 1 in Transmutations
  1925 | D:3      | Reached skill level 1 in Fire Magic
  1925 | D:3      | Reached skill level 1 in Ice Magic
  1925 | D:3      | Reached skill level 1 in Air Magic
  1925 | D:3      | Reached skill level 1 in Earth Magic
  1925 | D:3      | Reached skill level 1 in Poison Magic
  1945 | D:3      | Found a stormy altar of Qazlal.
  1958 | D:3      | Became a worshipper of Qazlal Stormbringer
  2055 | D:3      | Reached XP level 5. HP: 43/43 MP: 7/7
  2179 | D:3      | Identified a scroll of acquirement
  2179 | D:3      | Acquired a +0 hand crossbow of flaming
  2321 | D:3      | Found an iron altar of Okawaru.
  2369 | D:3      | Found a faded altar of an unknown god.
  2678 | D:4      | Acquired the +2 kite shield of the Forging Gods {-Cast
                  | Rampage rElec Dex+2}
  2917 | D:4      | Noticed Edmund
  2921 | D:4      | Killed Edmund
  2922 | D:4      | Reached XP level 6. HP: 50/50 MP: 8/8
  2960 | D:4      | Reached skill level 5 in Fighting
  2960 | D:4      | Reached skill level 5 in Dodging
  3048 | D:4      | Noticed Sigmund
  3056 | D:4      | Killed Sigmund
  3057 | D:4      | Reached XP level 7. HP: 56/56 MP: 10/10
  3074 | D:4      | Found a bloodstained altar of Trog.
  3174 | D:4      | Noticed Eustachio
  3185 | D:4      | Killed Eustachio
  3186 | D:4      | Reached skill level 9 in Ranged Weapons
  3500 | D:4      | Found a staircase to the Ecumenical Temple.
  3542 | D:5      | Entered Level 5 of the Dungeon
  3646 | D:5      | Noticed a hornet
  3650 | D:5      | Killed a hornet
  3651 | D:5      | Reached XP level 8. HP: 63/63 MP: 12/12
  3820 | D:5      | Found a glowing silver altar of Zin.
  3990 | D:5      | Found a blossoming altar of Fedhas.
  4287 | D:5      | Noticed Dowan
  4288 | D:5      | Noticed Duvessa
  4293 | D:5      | Killed Duvessa
  4299 | D:5      | Killed Dowan
  4407 | D:6      | Reached * piety under Qazlal
  4477 | D:6      | Reached XP level 9. HP: 69/69 MP: 14/14
  4699 | D:6      | Noticed Prince Ribbit
  4701 | D:6      | Killed Prince Ribbit
  4766 | D:6      | Reached skill level 5 in Stealth
  5273 | D:7      | Reached skill level 5 in Invocations
  5283 | D:7      | Reached ** piety under Qazlal
  5297 | D:7      | Noticed Pikel
  5305 | D:7      | Killed Pikel
  5306 | D:7      | Reached skill level 5 in Short Blades
  5306 | D:7      | Reached skill level 5 in Long Blades
  5306 | D:7      | Reached skill level 5 in Axes
  5306 | D:7      | Reached skill level 5 in Maces & Flails
  5306 | D:7      | Reached skill level 5 in Polearms
  5306 | D:7      | Reached skill level 5 in Staves
  5306 | D:7      | Reached skill level 5 in Throwing
  5306 | D:7      | Reached skill level 5 in Armour
  5306 | D:7      | Reached skill level 5 in Shields
  5306 | D:7      | Reached skill level 5 in Unarmed Combat
  5306 | D:7      | Reached skill level 5 in Spellcasting
  5306 | D:7      | Reached skill level 5 in Evocations
  5306 | D:7      | Reached XP level 10. HP: 77/77 MP: 17/17
  5371 | D:7      | Reached skill level 10 in Ranged Weapons
  5670 | D:7      | Found a broken altar of Ashenzari.
  6127 | D:8      | Found a hide-covered altar of Uskayaw.
  6153 | D:8      | Noticed a two-headed ogre
  6167 | D:8      | Killed a two-headed ogre
  6275 | D:8      | Found a transporter.
  6279 | D:8      | Found a transporter.
  6281 | D:8      | Noticed a boulder beetle
  6293 | D:8      | Found a shadowy altar of Dithmenos.
  6671 | D:9      | Noticed Grum
  6678 | D:9      | Killed Grum
  6684 | D:9      | Found Erholoiv's Antique Weapon Shop.
  6876 | D:9      | Noticed Erica
  6884 | D:9      | Killed Erica
  6885 | D:9      | Reached skill level 5 in Conjurations
  6885 | D:9      | Reached skill level 5 in Hexes
  6885 | D:9      | Reached skill level 5 in Summonings
  6885 | D:9      | Reached skill level 5 in Necromancy
  6885 | D:9      | Reached skill level 5 in Translocations
  6885 | D:9      | Reached skill level 5 in Transmutations
  6885 | D:9      | Reached skill level 5 in Fire Magic
  6885 | D:9      | Reached skill level 5 in Ice Magic
  6885 | D:9      | Reached skill level 5 in Air Magic
  6885 | D:9      | Reached skill level 5 in Earth Magic
  6885 | D:9      | Reached skill level 5 in Poison Magic
  6959 | D:9      | Reached XP level 11. HP: 76/85 MP: 20/20
  7031 | D:9      | Found Uschasooll's Jewellery Shop.
  7165 | D:9      | Paralysed by a hornet for 2 turns
  7274 | D:9      | Reached *** piety under Qazlal
  7420 | D:10     | Entered Level 10 of the Dungeon
  7775 | D:10     | Noticed a two-headed ogre
  7780 | D:10     | Killed a two-headed ogre
  7853 | D:10     | Noticed a boulder beetle
  7876 | D:10     | Noticed a two-headed ogre
  7879 | D:10     | Noticed a two-headed ogre
  7892 | D:10     | Killed a boulder beetle
  8089 | D:10     | Killed a two-headed ogre
  8124 | D:10     | Noticed a two-headed ogre
  8127 | D:10     | Killed a two-headed ogre
  8162 | D:10     | Found a staircase to the Lair.
  8433 | D:10     | Killed a two-headed ogre
  8434 | D:10     | Reached skill level 11 in Ranged Weapons
  8596 | Lair:1   | Entered Level 1 of the Lair of Beasts
  8646 | Lair:1   | Reached XP level 12. HP: 77/94 MP: 22/22
  8769 | Lair:1   | Reached **** piety under Qazlal
  9479 | Lair:2   | Found a glowing golden altar of the Shining One.
  9565 | Lair:2   | Noticed a death yak
  9567 | Lair:2   | Noticed a death yak
  9574 | Lair:2   | Noticed a death yak
  9578 | Lair:2   | Killed a death yak
  9580 | Lair:2   | Killed a death yak
  9587 | Lair:2   | Killed a death yak
  9950 | Lair:2   | Found a staircase to the Snake Pit.
 10094 | Lair:2   | Noticed a six-headed hydra
 10097 | Lair:2   | Killed a six-headed hydra
 10097 | Lair:2   | Noticed a four-headed hydra
 10102 | Lair:2   | Killed a four-headed hydra
 10401 | Lair:2   | Found a staircase to the Swamp.
 10404 | Lair:2   | Reached XP level 13. HP: 101/101 MP: 25/25
 10613 | Lair:3   | Reached ***** piety under Qazlal
 11251 | Lair:3   | Reached skill level 12 in Ranged Weapons
 11371 | Lair:3   | Found a glowing golden altar of the Shining One.
 12179 | Lair:4   | Identified the +8 dire flail of Amorality {protect, rC-
                  | Int+2 Dex+5 SInv}
 12498 | Lair:4   | Found a staircase to the Slime Pits.
 12563 | Lair:4   | Reached skill level 10 in Fighting
 12563 | Lair:4   | Reached skill level 10 in Dodging
 13248 | Lair:5   | Entered Level 5 of the Lair of Beasts
 13657 | Lair:5   | Reached skill level 10 in Invocations
 13657 | Lair:5   | Reached XP level 14. HP: 37/110 MP: 14/27
 14105 | Lair:5   | Noticed a dire elephant
 14105 | Lair:5   | Noticed a dire elephant
 14106 | Lair:5   | Noticed a dire elephant
 14106 | Lair:5   | Found the dreamshard necklace {*Dream Drain}
 15242 | Lair:5   | Killed a dire elephant
 15246 | Lair:5   | Reached skill level 10 in Stealth
 15445 | Lair:5   | Killed a dire elephant
 16279 | D:11     | Noticed Nergalle
 16287 | D:11     | Killed Nergalle
 17152 | D:12     | Found a staircase to the Orcish Mines.
 17166 | Orc:1    | Entered Level 1 of the Orcish Mines
 17166 | Orc:1    | Noticed Fannar
 17166 | Orc:1    | Found Ixkikheo's Armour Boutique.
 17172 | Orc:1    | Killed Fannar
 17173 | Orc:1    | Reached skill level 10 in Short Blades
 17173 | Orc:1    | Reached skill level 10 in Long Blades
 17173 | Orc:1    | Reached skill level 10 in Axes
 17173 | Orc:1    | Reached skill level 10 in Maces & Flails
 17173 | Orc:1    | Reached skill level 10 in Polearms
 17173 | Orc:1    | Reached skill level 10 in Staves
 17173 | Orc:1    | Reached skill level 10 in Throwing
 17173 | Orc:1    | Reached skill level 10 in Armour
 17173 | Orc:1    | Reached skill level 10 in Shields
 17173 | Orc:1    | Reached skill level 10 in Unarmed Combat
 17173 | Orc:1    | Reached skill level 10 in Spellcasting
 17173 | Orc:1    | Reached skill level 10 in Evocations
 17245 | Orc:1    | Found Edorutt's Assorted Antiques.
 17269 | Orc:1    | Bought a pair of fine gloves for 285 gold pieces
 17269 | Orc:1    | Identified the +2 pair of gloves "Saol" {-Cast rPois rCorr
                  | Stlth+} (You bought it in a shop on level 1 of the Orcish
                  | Mines)
 17324 | Orc:1    | Reached skill level 13 in Ranged Weapons
 17730 | Orc:2    | Entered Level 2 of the Orcish Mines
 17992 | Orc:2    | Reached XP level 15. HP: 118/118 MP: 29/29
 18101 | Orc:2    | Found a staircase to the Elven Halls.
 18130 | Orc:2    | Noticed Jorgrun
 18169 | Orc:2    | Killed Jorgrun
 18725 | Orc:2    | Found Toemocru's Distillery.
 18725 | Orc:2    | Found Wupun's Armour Emporium.
 18727 | Orc:2    | Found Meiklosh's General Store.
 18727 | Orc:2    | Found Weliq's General Store.
 18733 | Orc:2    | Bought a potion of heal wounds for 75 gold pieces
 18733 | Orc:2    | Bought a potion of heal wounds for 75 gold pieces
 18733 | Orc:2    | Bought a potion of heal wounds for 75 gold pieces
 18738 | Orc:2    | Bought the +1 cloak of Dufoabut {rC++} for 442 gold pieces
 18918 | Orc:2    | Bought a +6 ring of strength for 576 gold pieces
 19726 | D:13     | Found a frozen archway.
 19737 | IceCv    | Entered an ice cave
 20102 | IceCv    | Noticed a frost giant
 20112 | IceCv    | Killed a frost giant
 21301 | D:13     | Found a gate to the Vaults.
 21649 | D:14     | Found a transporter.
 21651 | D:14     | Found a transporter.
 21704 | D:14     | Reached XP level 16. HP: 94/127 MP: 30/30
 22283 | D:14     | Noticed Josephine
 22750 | D:14     | Killed Josephine
 22925 | D:15     | Entered Level 15 of the Dungeon
 22992 | D:15     | Noticed Rupert
 23000 | D:15     | Killed Rupert
 23102 | D:15     | Found Caaxugo's Specific Store.
 23133 | D:15     | Found Qankeer's General Store.
 23137 | D:15     | Bought the +3 pair of mountain boots {steadfast, rC+} for
                  | 469 gold pieces
 23137 | D:15     | Found the +3 pair of mountain boots {steadfast, rC+}
 23500 | D:15     | Reached skill level 14 in Ranged Weapons
 23954 | D:15     | Found a staircase to the Depths.
 24870 | Swamp:1  | Entered Level 1 of the Swamp
 25476 | Swamp:1  | Noticed Louise
 25484 | Abyss:3  | Cast into level 3 of the Abyss (Louise)
 25610 | Abyss:3  | Noticed a tentacled starspawn
 25614 | Abyss:3  | Killed a tentacled starspawn
 25696 | Abyss:3  | Noticed a tentacled starspawn
 25703 | Abyss:3  | Killed a tentacled starspawn
 25763 | Abyss:3  | Paralysed by accursed screaming for 1 turns
 25769 | Abyss:3  | Paralysed by accursed screaming for 1 turns
 25772 | Abyss:3  | Reached XP level 17. HP: 90/135 MP: 27/32
 25928 | Abyss:3  | Reached skill level 10 in Conjurations
 25928 | Abyss:3  | Reached skill level 10 in Hexes
 25928 | Abyss:3  | Reached skill level 10 in Summonings
 25928 | Abyss:3  | Reached skill level 10 in Necromancy
 25928 | Abyss:3  | Reached skill level 10 in Translocations
 25928 | Abyss:3  | Reached skill level 10 in Transmutations
 25928 | Abyss:3  | Reached skill level 10 in Fire Magic
 25928 | Abyss:3  | Reached skill level 10 in Ice Magic
 25928 | Abyss:3  | Reached skill level 10 in Air Magic
 25928 | Abyss:3  | Reached skill level 10 in Earth Magic
 25928 | Abyss:3  | Reached skill level 10 in Poison Magic
 25972 | Abyss:3  | Gained mutation: You are frail. (-10% HP) [a neqoxec]
 25977 | Abyss:3  | HP: 3/121 [lorocyproca (33)]
 25999 | Abyss:4  | Noticed a lich
 26004 | Abyss:4  | Killed a lich
 26084 | Abyss:4  | Found a corrupted altar of Lugonu.
 26086 | Abyss:4  | Noticed a bone dragon
 26134 | Abyss:4  | Noticed a tentacled starspawn
 26182 | Swamp:1  | Escaped the Abyss
 26193 | Swamp:1  | Killed Louise
 26195 | Swamp:1  | HP: 6/121 [starcursed mass/accursed screaming (10)]
 26196 | Swamp:1  | HP: 2/121 [starcursed mass/accursed screaming (8)]
 26197 | Swamp:1  | Killed from afar by a starcursed mass

Illustrated notes

Levels and vault maps discovered:
D:1:      lightli_arrival_isolated_outpost, layout_basic
D:2:      wad_river_or_something, layout_loops_ring, corexii_shack,
          minmay_misc_feat_alley
D:3:      layout_basic, okawaru_metal_pillars_1_2,
          mainiacjoe_overflow_six_doors_small, chequers_ecumenical_altar_grove
D:4:      layout_loops_ring, mainiacjoe_overflow_24_doors, temple_green,
          uniq_eustachio, uniq_edmund, uniq_sigmund
D:5:      layout_loops_ring, mainiacjoe_overflow_paths, zin_statuary,
          uniq_duvessa
D:6:      layout_basic, uniq_prince_ribbit1
D:7:      layout_layer_cave, nicolae_ashenzari_skybound, uniq_pikel
D:8:      layout_cave_pools, mainiacjoe_overflow_alcove_1,
          gammafunk_temple_overflow_arena
D:9:      layout_roguey, serial_shops, nicolae_shop_trees, grunt_ministairs_14,
          nicolae_take_the_stairs, uniq_erica, uniq_grum
D:10:     minmay_octagon_keep, layout_irregular_city, lair_entry_dummy,
          minmay_fire_ice_demons
D:11:     layout_loops_cross, uniq_nergalle
D:12:     layout_irregular_city, erik_orc_2
D:13:     layout_cave_pools, grunt_vaults_entry_tiered,
          portal_ice_cave_entry_ice_simulacra, kb_rosetta
D:14:     gammafunk_boulding_lane, layout_loops_ring, kennysheep_small_spiral,
          grunt_potential, uniq_josephine
D:15:     grunt_enter_depths_hoard, layout_gridville, moated_statue,
          nicolae_specific_store, uniq_rupert
Lair:1:   layout_small_grid, grunt_megastairs_1
Lair:2:   nzn_winding_woodlands_small [nzn_winding_woodlands_5x15_pool,
          nzn_winding_woodlands_center_diamonds,
          nzn_winding_woodlands_5x15_cabin], layout_loops_ring,
          nicolae_swamp_entry_splash_gauntlet, guppyfry_snake_entry_garden,
          basic_altar
Lair:3:   layout_gridlike, lemuel_centaur_altar
Lair:4:   layout_hall_layers, slime_entry_1, serial_bayou, serial_bayou_shore_b,
          serial_bayou_pond_e, serial_bayou_pond_a, serial_bayou_pond_d,
          serial_bayou_pond_b, serial_bayou_lagoon_b
Lair:5:   due_jungle_book, layout_misc_corridors, grunt_forest_large_clearings,
          lemuel_fruit_tree, lemuel_fruit_fields, serial_bayou_shore_b,
          infiniplex_staircase_pool_2
Swamp:1:  layout_falls_marsh, evilmike_swamp_ruin_rubble_2, uniq_louise
Orc:1:    layout_diamond_mine, serial_shops, nicolae_shop_trees,
          nicolae_shop_advertising_works [nicolae_subvault_shop_adworks],
          uniq_fannar
Orc:2:    grunt_orc_tribal_feast, layout_diamond_mine, basic_altar,
          statue_in_the_mist_lemuel, mines1_david, uniq_jorgrun

Skill      XL: |  1  2  3  4  5  6  7  8  9 10 11 12 13 14 15 16 17 |
---------------+----------------------------------------------------+-----
Invocations    | 1 2 3 4 5 6 7 8 10 11 12 | 12.9
Short Blades   | 1 2 3 5 6 7 8 9 10 11 | 11.9
Long Blades    | 1 2 3 5 6 7 8 9 10 11 | 11.9
Axes           | 1 2 3 5 6 7 8 9 10 11 | 11.9
Maces & Flails | 1 2 3 5 6 7 8 9 10 11 | 11.9
Polearms       | 1 2 3 5 6 7 8 9 10 11 | 11.9
Staves         | 1 2 3 5 6 7 8 9 10 11 | 11.9
Throwing       | 1 2 3 5 6 7 8 9 10 11 | 11.9
Armour         | 1 2 3 5 6 7 8 9 10 11 | 11.9
Shields        | 1 2 3 5 6 7 8 9 10 11 | 11.9
Unarmed Combat | 1 2 3 5 6 7 8 9 10 11 | 11.9
Spellcasting   | 1 2 3 5 6 7 8 9 10 11 | 11.9
Evocations     | 1 2 3 5 6 7 8 9 10 11 | 11.9
Conjurations   | 1 2 3 4 5 6 7 8 9 10 | 10.1
Hexes          | 1 2 3 4 5 6 7 8 9 10 | 10.1
Summonings     | 1 2 3 4 5 6 7 8 9 10 | 10.1
Necromancy     | 1 2 3 4 5 6 7 8 9 10 | 10.1
Translocations | 1 2 3 4 5 6 7 8 9 10 | 10.1
Transmutations | 1 2 3 4 5 6 7 8 9 10 | 10.1
Fire Magic     | 1 2 3 4 5 6 7 8 9 10 | 10.1
Ice Magic      | 1 2 3 4 5 6 7 8 9 10 | 10.1
Air Magic      | 1 2 3 4 5 6 7 8 9 10 | 10.1
Earth Magic    | 1 2 3 4 5 6 7 8 9 10 | 10.1
Poison Magic   | 1 2 3 4 5 6 7 8 9 10 | 10.1
Stealth        | 3 4 5 6 7 8 9 10 11 12 | 12.2
Fighting       | 5 6 7 8 9 10 11 12 | 12.7
Dodging        | 5 6 7 8 9 10 11 12 | 12.7
Ranged Weapons | 9 10 11 12 13 14 | 14.4

Action                   |  1- 3 |  4- 6 |  7- 9 | 10-12 | 13-15 | 16-18 || total
-------------------------+-------+-------+-------+-------+-------+-------++-------
 Fire: Shortbow          |   110 |    38 |       |       |       |       ||   148
       Hand crossbow     |       |    36 |   143 |   462 |  1203 |   554 ||  2398
Invok: Elemental Force   |       |       |       |       |     4 |     2 ||     6
       Disaster Area     |       |       |       |       |     5 |       ||     5
       Upheaval          |       |       |       |       |    16 |     6 ||    22
Evoke: Wand              |       |       |       |       |       |     8 ||     8
       Tin of tremorston |       |       |       |       |       |     4 ||     4
  Use: Scroll            |     1 |     5 |     5 |    10 |    12 |    11 ||    44
       Potion            |       |       |       |     2 |     3 |    27 ||    32
Armor: Leather armour    |     7 |     6 |       |       |       |       ||    13
       Robe              |       |       |     7 |    23 |   152 |    50 ||   232
Dodge: Dodged            |    22 |    12 |    25 |    92 |   416 |   179 ||   746
       Repelled          |       |       |       |       |    15 |     1 ||    16
Block: Kite shield       |       |    11 |    30 |   246 |   936 |   448 ||  1671
       Reflection        |       |       |       |    19 |     6 |     5 ||    30

Table legend: (Time is in decaauts)
 A = Elapsed time spent in this place.
 B = Non-inter-level travel time spent in this place.
 C = Inter-level travel time spent in this place.
 D = Time resting spent in this place.
 E = Time spent auto-exploring this place.
 F = Levels seen in this place.
 G = Mean time per level.
                   A        B        C        D        E       F      G
               +--------+--------+--------+--------+--------+-----+--------+
         Total |  27323 |  25854 |   1469 |   3447 |  17423 |  26 | 1050.9 |
       Dungeon |  14831 |  13996 |    835 |    773 |  10777 |  15 |  988.7 |
          Lair |   8257 |   7739 |    518 |   1707 |   4665 |   5 | 1651.4 |
         Swamp |    674 |    674 |      0 |    197 |    290 |   1 |  674.0 |
  Orcish Mines |   1965 |   1852 |    113 |    404 |   1031 |   2 |  982.5 |
         Abyss |    743 |    743 |      0 |    256 |    209 |   2 |  371.5 |
      Ice Cave |    851 |    851 |      0 |    110 |    450 |   1 |  851.0 |
               +--------+--------+--------+--------+--------+-----+--------+

Top non-repeatable levels by time:
  Lair:5: 2551 daAuts
  Lair:4: 1882 daAuts
  Lair:3: 1627 daAuts
    D:13: 1625 daAuts
   Orc:2: 1374 daAuts
  Lair:2: 1342 daAuts
    D:10: 1224 daAuts
    D:12: 1220 daAuts
    D:15: 1131 daAuts
    D:14: 1096 daAuts
     D:9: 975 daAuts
     D:1: 950 daAuts
     D:7: 939 daAuts
     D:4: 910 daAuts
     D:2: 905 daAuts
